 Dungeon Crawl Stone Soup version 0.28-a0-239-g68911e0c57 (webtiles) character file.

Game seed: 16962302149931325436

375 Spaninq the Ruffian (level 6, -8/52 HPs)
             Began as a Ghoul Warper on Aug 23, 2021.
             Was a Believer of Okawaru.
             Killed from afar by an orc wizard (15 damage)
             ... with a puff of flame
             ... on level 3 of the Dungeon.
             The game lasted 00:07:26 (2973 turns).

Spaninq the Ruffian (Ghoul Warper)                  Turns: 2973, Time: 00:07:26

Health: -8/52      AC: 13    Str: 17      XL:     6   Next: 72%
Magic:  7/7        EV:  5    Int:  6 (8)  God:    Okawaru [**....]
Gold:   195        SH:  0    Dex:  7 (8)  Spells: 8/8 levels left

rFire   . . .      SeeInvis .   l - +3 dagger (elec)
rCold   + . .      Faith    .   (no shield)
rNeg    + + +      Spirit   .   m - +0 plate armour
rPois   ∞          Reflect  .   k - +0 helmet
rElec   .          Harm     .   e - +0 cloak
rCorr   .          Rampage  .   (no gloves)
Will    .....                   (no boots)
Stlth   ..........              (no amulet)
HPRegen 0.00/turn               (no ring)
MPRegen 0.10/turn               (no ring)

@: inhibited regen
A: claws 1, cold resistance 1, negative energy resistance 3, inhibited
regeneration, torment resistance 2
a: Renounce Religion, Heroism


You were on level 3 of the Dungeon.
You worshipped Okawaru.
Okawaru was pleased with you.
You visited 1 branch of the dungeon, and saw 3 of its levels.

You collected 195 gold pieces.

Inventory:

Hand Weapons
 l - a +3 dagger of electrocution (weapon)
Missiles
 c - 5 boomerangs of dispersal (quivered)
Armour
 e - a +0 cloak (worn)
 k - a +0 helmet (worn)
 m - a +0 plate armour (worn)
Wands
 n - a wand of polymorph (10)
Scrolls
 a - 4 scrolls of teleportation {unknown}
 b - a scroll of blinking
 d - a scroll of noise {unknown}
 f - 4 scrolls of identify {unknown}
 g - a scroll of torment {unknown}
Potions
 h - a potion of haste {unknown}
 o - a potion of brilliance {unknown}


   Skills:
 + Level 3.8 Fighting
 - Level 0.8 Throwing
 + Level 2.7 Armour
 - Level 1.7 Dodging
 * Level 5.1 Unarmed Combat
 - Level 1.7 Spellcasting
 - Level 2.6 Translocations
 + Level 2.8 Invocations


You had 8 spell levels left.
You didn't know any spells.
Your spell library contained the following spells:

 Spells                   Type           Power      Damage    Failure   Level
 Blink                    Tloc           N/A        N/A       100%        2
 Gell's Gravitas          Tloc           1%         N/A       100%        3
 Lesser Beckoning         Tloc           1%         N/A       100%        3
 Teleport Other           Tloc           3%         N/A       100%        3
 Manifold Assault         Tloc           3%         N/A       100%        5


Dungeon Overview and Level Annotations

Branches:
Dungeon (3/15)

Altars:
Okawaru

Shops:
D:1 (   D:3 ?

Annotations:
D:3 3 runed translucent doors, dolemite99's ghost, amateur HOFi


Innate Abilities, Weirdness & Mutations

You thrive by killing the living.
You are immune to poison.
You have sharp fingernails.
Your flesh is cold resistant. (rC+)
You are immune to negative energy. (rN+++)
You do not regenerate when monsters are visible.
You are immune to unholy pain and torment.


Message History

You bump into the rock wall.
Something hits you but does no damage.
Dolemite99's ghost whispers, "Trust me.
Just give in."
You closely miss something.
You hear some strange, mumbled words.
You are more confused.
Something hits you.
* * * LOW HITPOINT WARNING * * *
Things that are here:
a +0 club; a +0 ring mail; an orc corpse You bump into the translucent stone wall.
Something hits you but does no damage.
You completely miss something. Something hits you but does no damage.
You hit something. Your claw misses something.
You hit something but do no damage. Something hits you.
* * * LOW HITPOINT WARNING * * *
You miss something. Something hits you but does no damage.
You're too confused to move!
You feel like a meek peon again. Something hits you.
* * * LOW HITPOINT WARNING * * *
It was a potion of mutation.
You feel extremely strange.
Your body decomposes!
You feel dopey.
Your body decomposes!
You feel clumsy.
Your body decomposes!
You feel dopey.
You feel less confused. Something hits you but does no damage.
Okay, then.
You barely miss something.
Dolemite99's ghost says, "Try not to bleed too much."
Something hits you but does no damage.
It was a potion of curing.
You feel better. Something hits you.
* * * LOW HITPOINT WARNING * * *
You barely miss something.
You hear some strange, mumbled words.
A puff of flame appears from out of thin air!
The puff of flame hits you!
You die...

####.#......##.#.... #
#.......##.#...#.... #
#...##.#...#...........#
#(.†#................
#......##...........#
#....####.##........#...
#..######.....##########
##.....†)....## #
##...)@{.....# ########
#.#########.###...#... #
#.rSW...#.##........
#..###..#.#.........
.#.. #..+........>..
#.#.!.....+...........
#.#.$###..+.##........
#.#.. #..#.###...#...
....#.# ########


You could see dolemite99's ghost, an adder and a rat.

Vanquished Creatures
  Grinder (D:3)
  A bullfrog zombie (D:3)
  An orc priest (D:3)
  Robin (D:1)
  5 adders
  A worm (D:2)
  2 orcs (D:3)
  A ball python (D:3)
  4 endoplasms
  6 goblins
  12 hobgoblins
  2 jackals (D:1)
  4 kobolds
  4 quokkas (D:1)
  2 bats
  A frilled lizard (D:2)
  6 rats
54 creatures vanquished.

Notes
Turn   | Place    | Note
-------+----------+-------------------------------------------
     0 | D:1      | Spaninq the Ghoul Warper began the quest for the Orb.
     0 | D:1      | Reached XP level 1. HP: 17/17 MP: 2/2
    27 | D:1      | Found Zaoq's Weapon Emporium.
   130 | D:1      | Reached skill level 1 in Armour
   240 | D:1      | Reached XP level 2. HP: 24/25 MP: 3/3
   407 | D:1      | Found a faded altar of an unknown god.
   412 | D:1      | Became a worshipper of Warmaster Okawaru
   412 | D:1      | Reached * piety under Okawaru
  1352 | D:2      | Noticed Robin
  1619 | D:1      | Killed Robin
  1620 | D:1      | Reached skill level 3 in Unarmed Combat
  1620 | D:1      | Reached XP level 3. HP: 29/30 MP: 4/4
  1858 | D:2      | Reached skill level 1 in Invocations
  1975 | D:2      | Reached XP level 4. HP: 35/37 MP: 5/5
  2495 | D:3      | Found Fulach's Magic Scroll Shoppe.
  2563 | D:3      | Noticed Grinder
  2563 | D:3      | Paralysed by Grinder for 7 turns
  2609 | D:3      | Paralysed by Grinder for 6 turns
  2630 | D:3      | Killed Grinder
  2630 | D:3      | Reached ** piety under Okawaru
  2631 | D:3      | Reached skill level 4 in Unarmed Combat
  2631 | D:3      | Reached XP level 5. HP: 16/46 MP: 4/6
  2631 | D:3      | Reached XP level 6. HP: 18/52 MP: 4/7
  2863 | D:3      | Reached skill level 5 in Unarmed Combat
  2908 | D:3      | Found a runed translucent gate.
  2908 | D:3      | Found a runed translucent gate.
  2908 | D:3      | Found a runed translucent gate.
  2912 | D:3      | Noticed dolemite99's ghost (amateur HOFi)
  2969 | D:3      | HP: 2/52 [something (3)]
  2973 | D:3      | Killed from afar by an orc wizard

Illustrated notes

Levels and vault maps discovered:
D:1:      ncdulo_smallfort, layout_loops_corners,
          shapermc_ecumenical_altar_hornbeckon, serial_shops,
          nicolae_shop_stone, minivault_24, nrook_uturn, grunt_decor_fettered,
          minmay_3d_cube
D:2:      layout_loops_ring, uniq_robin
D:3:      layout_rooms, serial_shops, shop_coins, gammafunk_ghost_split,
          corexii_shack, grunt_ministairs_12, hangedman_decor_points,
          uniq_grinder

Skill      XL: |  1  2  3  4  5  6 |
---------------+-------------------+-----
Armour         | 1 2 |  2.7
Unarmed Combat | 3 4 5 |  5.1
Invocations    | 1 2 |  2.8
Fighting       | 3 |  3.8
Throwing       | |  0.8
Dodging        | |  1.7
Spellcasting   | |  1.7
Translocations | |  2.6

Action                   |  1- 3 |  4- 6 || total
-------------------------+-------+-------++-------
Melee: Unarmed           |    97 |       ||    97
       Dagger            |    19 |    74 ||    93
       Punch             |     2 |     1 ||     3
Invok: Heroism           |       |     2 ||     2
  Use: Potion            |       |     2 ||     2
Armor: Leather armour    |     5 |       ||     5
       Chain mail        |    71 |     5 ||    76
       Plate armour      |       |    43 ||    43
Dodge: Dodged            |    45 |    14 ||    59

Table legend: (Time is in decaauts)
 A = Elapsed time spent in this place.
 B = Non-inter-level travel time spent in this place.
 C = Inter-level travel time spent in this place.
 D = Time resting spent in this place.
 E = Time spent auto-exploring this place.
 F = Levels seen in this place.
 G = Mean time per level.
                   A        B        C        D        E       F      G
               +--------+--------+--------+--------+--------+-----+--------+
         Total |   2975 |   2797 |    178 |    435 |   1755 |   3 |  991.7 |
       Dungeon |   2975 |   2797 |    178 |    435 |   1755 |   3 |  991.7 |
               +--------+--------+--------+--------+--------+-----+--------+

Top non-repeatable levels by time:
     D:1: 1765 daAuts
     D:2: 750 daAuts
     D:3: 458 daAuts
